 Dungeon Crawl Stone Soup version 0.28.0-53-g5a82cb258f (webtiles) character file.

Game seed: 15565024337743626482

191 Zeld the Skirmisher (level 5, -4/48 HPs)
             Began as a Hill Orc Fighter on May 27, 2022.
             Killed from afar by an orc wizard (8 damage)
             ... with a puff of flame
             ... on level 4 of the Dungeon.
             The game lasted 00:02:23 (4016 turns).

Zeld the Skirmisher (Hill Orc Fighter)              Turns: 4016, Time: 00:02:23

Health: -4/48      AC: 14    Str: 21    XL:     5   Next: 70%
Magic:  5/5        EV:  6    Int:  8    God:
Gold:   84         SH:  0    Dex: 10    Spells: 4/4 levels left

rFire   . . .      SeeInvis .   a - +0 war axe
rCold   . . .      Faith    .   c - +0 buckler
rNeg    . . .      Spirit   .   b - +0 plate armour
rPois   .          Reflect  .   o - +1 helmet
rElec   .          Harm     .   (no cloak)
rCorr   .          Rampage  .   q - +0 pair of gloves
Will    .....                   (no boots)
Stlth   ..........              (no amulet)
HPRegen 0.16/turn               (no ring)
MPRegen 0.09/turn               (no ring)

@: confused
A: no striking features
a: no special abilities


You were on level 4 of the Dungeon.
You visited 1 branch of the dungeon, and saw 4 of its levels.

You collected 138 gold pieces.
You spent 54 gold pieces at shops.

Inventory:

Hand Weapons
 a - a +0 war axe (weapon)
Armour
 b - a +0 plate armour (worn)
 c - a +0 buckler (worn)
 o - a +1 helmet (worn)
 q - a +0 pair of gloves (worn)
Jewellery
 u - a ring of protection from cold
Scrolls
 f - a scroll of noise {unknown}
 h - 2 scrolls of teleportation {unknown}
 i - 5 scrolls of identify {unknown}
 k - a scroll of blinking {unknown}
 n - a scroll of fear {unknown}
 p - a scroll of brand weapon {unknown}
 t - a scroll of fog {unknown}
Potions
 d - a potion of might
 e - a potion of resistance {unknown}
 g - a potion of lignification {unknown}
 j - a potion of brilliance {unknown}
 l - a potion of attraction {unknown}
 m - 2 potions of flight {unknown}
 r - a potion of invisibility
 s - 2 potions of curing {unknown}


   Skills:
 * Level 5.0 Fighting
 * Level 4.5 Axes
 - Level 3.2 Armour
 + Level 1.4 Dodging
 * Level 4.5 Shields


You had 4 spell levels left.
You didn't know any spells.
Your spell library was empty.

Dungeon Overview and Level Annotations

Branches:
Dungeon (4/15)
 Temple: D:4-7

Altars:
Ashenzari
Qazlal
Vehumet
The Shining One

Shops:
D:2 [


Message History

The puff of flame hits you! Something hits you but does no damage.
You are too confused!
You bump into the rock wall.
The orc wizard casts a spell at you. The puff of flame hits you!
* * * LOW HITPOINT WARNING * * *
Something hits you but does no damage.
You are too injured to fight recklessly!
You bump into the rock wall.
The orc wizard casts a spell at you. You resist with some effort.
Something hits you but does no damage.
You are too injured to fight recklessly!
You are too injured to fight recklessly!
You bump into the rock wall.
The orc wizard casts a spell at you. The puff of flame hits you!
* * * LOW HITPOINT WARNING * * *
Something hits you but does no damage.
Unknown command.
You miss something. You slash the orc wizard!
You kill the orc wizard!
Something hits you but does no damage.
An ogre comes into view. It is wielding a +0 giant club.
Your Fighting skill increases to level 5!
Unknown command.
You bump into the rock wall.
The ogre shouts!
Something hits you but does no damage.
Unknown command.
You miss something. Something hits you but does no damage.
You hear some strange, mumbled words.
Something tries to affect you, but you resist.
Unknown command.
You bump into the rock wall.
Something hits you but does no damage.
Unknown command.
You bump into the rock wall.
You hear some strange, mumbled words.
A puff of flame appears from out of thin air!
The puff of flame hits you!
You die...

#[........########......
#....#.#...........#####
#.....>............# #
#....#.#)..o..O<...# #
#.........#####.##.# #
#.........#####.##.#####
#..>....................
####....####.#####.##.#####
#.......##@{.#####.##.#####
#....#'###)#....##.##.#....
#....#.###.#..........#.#..
#....#...O.)...............
#....###...##.#######.###..
#....# #..)...# ###.# #..
########....### #...###..
#.......# #.#......
#......?# #.#......


You could see an ogre.

Vanquished Creatures
  Natasha (D:2)
  An orc wizard (D:4)
  A statue (D:3)
  Robin (D:2)
  4 adders
  An ufetubus (D:4)
  A dart slug (D:2)
  2 orcs (D:4)
  4 ball pythons
  8 endoplasms
  3 giant cockroaches
  7 goblins
  8 hobgoblins
  5 quokkas
  5 frilled lizards
  6 kobolds
  4 rats
62 creatures vanquished.

Vanquished Creatures (others)
  8 plants (D:2)
8 creatures vanquished.

Grand Total: 70 creatures vanquished

Notes
Turn   | Place    | Note
-------+----------+-------------------------------------------
     0 | D:1      | Zeld the Hill Orc Fighter began the quest for the Orb.
     0 | D:1      | Reached XP level 1. HP: 19/19 MP: 1/1
   218 | D:1      | Reached XP level 2. HP: 23/27 MP: 2/2
   854 | D:2      | Found a glowing golden altar of the Shining One.
   878 | D:2      | Reached skill level 4 in Fighting
   937 | D:2      | Reached XP level 3. HP: 8/33 MP: 3/3
  1474 | D:2      | Noticed Natasha
  1482 | D:2      | Killed Natasha
  1483 | D:2      | Reached XP level 4. HP: 34/41 MP: 4/4
  1555 | D:2      | Reached skill level 1 in Dodging
  1982 | D:2      | Noticed Robin
  1992 | D:2      | Killed Robin
  2364 | D:2      | Found Tussou Hiho's Armour Emporium.
  2371 | D:2      | Bought a +0 pair of gloves for 54 gold pieces
  2613 | D:3      | Found a radiant altar of Vehumet.
  2616 | D:3      | Noticed a charred statue
  2998 | D:3      | Reached XP level 5. HP: 40/47 MP: 5/5
  3050 | D:3      | Found a stormy altar of Qazlal.
  3303 | D:3      | Killed a charred statue
  3652 | D:4      | Found a broken altar of Ashenzari.
  3749 | D:4      | Noticed an ogre
  4012 | D:4      | Noticed an ogre
  4013 | D:4      | Reached skill level 5 in Fighting
  4016 | D:4      | Killed from afar by an orc wizard

Illustrated notes

Levels and vault maps discovered:
D:1:      lemuel_arrival_rhombus, layout_basic
D:2:      layout_loops_corners, serial_shops, nicolae_shop_trees, serial_forest,
          infiniplex_forest_clump_diagonal, infiniplex_forest_clump_medium,
          infiniplex_forest_straight_3, infiniplex_forest_straight_3,
          infiniplex_forest_clump_diagonal, infiniplex_forest_straight_3,
          infiniplex_forest_straight_1, basic_altar, grunt_decor_fettered,
          minmay_door_square, st_stairs_8, uniq_natasha, uniq_robin
D:3:      layout_basic, lemuel_coloured_pillars_altar, vehumet_statue
D:4:      layout_basic, marbit_many_paths, gammafunk_temple_overflow_statue,
          st_stairs_14

Skill      XL: |  1  2  3  4  5 |
---------------+----------------+-----
Axes           | 3 4 |  4.5
Fighting       | 4 5 |  5.0
Dodging        | 1 |  1.4
Shields        | 4 |  4.5
Armour         | |  3.2

Action                   |  1- 3 |  4- 6 || total
-------------------------+-------+-------++-------
Melee: War axe           |    52 |   136 ||   188
Armor: Scale mail        |    23 |    70 ||    93
       Plate armour      |       |    21 ||    21
Dodge: Dodged            |    24 |    71 ||    95
Block: Buckler           |    15 |    33 ||    48
